 Dungeon Crawl Stone Soup version 0.30-a0-134-gb40fab5c76 (webtiles) character file.

Game seed: 15278287775605324206

76 ytrimaz the Trooper (level 4, 0/36 HPs)
             Began as a Demonspawn Gladiator on Sept 19, 2022.
             Slain by Sigmund
             ... wielding a +0 scythe
              (9 damage)
             ... on level 2 of the Dungeon.
             The game lasted 00:01:39 (1701 turns).

ytrimaz the Trooper (Demonspawn Gladiator)          Turns: 1701, Time: 00:01:40

Health: 0/36       AC:  9    Str: 16    XL:     4   Next: 12%
Magic:  4/4        EV:  7    Int: 10    God:
Gold:   70         SH:  0    Dex: 14    Spells: 3/3 levels left

rFire   . . .      SeeInvis .    a - +0 war axe
rCold   . . .      Faith    .    (no shield)
rNeg    . . .      Spirit   .    i - +0 chain mail
rPois   .          Reflect  .    c - +0 helmet
rElec   .          Harm     .    (no cloak)
rCorr   .          Rampage  .    (no gloves)
Will    .....                    (no boots)
Stlth   ..........               (no amulet)
HPRegen 0.12/turn                (no ring)
MPRegen 0.18/turn                (no ring)

@: attractive, flying, slowed, very slow
A: powered by death 2, magic regeneration
a: no special abilities


You were on level 2 of the Dungeon.
You visited 1 branch of the dungeon, and saw 2 of its levels.

You collected 70 gold pieces.


Innate Abilities, Weirdness & Mutations

You regenerate health from kills.
You regenerate magic rapidly.


   Skills:
 + Level 3.6 Fighting
 - Level 3.0 Axes
 - Level 1.7 Throwing
 + Level 1.5 Armour
 - Level 2.6 Dodging


You had 3 spell levels left.
You didn't know any spells.
Your spell library contained the following spells:

 Spells                   Type           Power      Damage    Failure   Level
 Necrotise                Necr           0%         1d4       100%        1
 Gell's Gravitas          Tloc           0%         N/A       100%        3
 Teleport Other           Tloc           0%         N/A       100%        3
 Vampiric Draining        Necr           0%         2d6       100%        3
 Agony                    Necr           0%         N/A       100%        5
 Dispersal                Tloc           0%         N/A       100%        6

Inventory:

Hand Weapons
 a - a +0 war axe (weapon)
Missiles
 d - 3 throwing nets (quivered)
 e - a javelin
Armour
 c - a +0 helmet (worn)
 i - a +0 chain mail (worn)
   (You found it on level 1 of the Dungeon)
Scrolls
 h - a scroll of noise

Dungeon Overview and Level Annotations

Branches:
Dungeon (2/15) Zot: 10263

Altars:

Annotations:
D:2 Natasha, Sigmund

#..##.##.##.#
###....5.......
.......#ยง##.##.
..##...#ยง# #
...#...#ยง##.##
.<#...5.....#
#.#...5.##### ######
#.....5h....###.._..##
.....#.@######.........
######.#..####...........
.......#..#..............
......................###
#.............###......>#
###)........###..######.#
###.....###...##
#######.....# #...#.....#


You could see Natasha, a crimson imp (summoned), a white imp (summoned) and a
shadow imp (summoned).


Message History

The ball python barely misses you.
Unknown command.
You hit the ball python.
You kill the ball python!
You now have 68 gold pieces (gained 8).
Key pressed, stopping explore.
No target in view!
Unknown command.
No target in view!
No target in view!
Found a stone staircase leading down.
There is a stone staircase leading down here.
Found a faded altar of an unknown god.
Found a stone staircase leading down.
You now have 70 gold pieces (gained 2).
A ball python comes into view.
A ball python is nearby!
A ball python is nearby!
You barely miss the ball python.
The ball python bites you but does no damage.
The ball python grabs you. The ball python constricts you.
You hit the ball python.
You kill the ball python!
No target in view!
No target in view!
Unknown command.
No target in view!
Found a stone staircase leading up.
A dart slug comes into view.
A dart slug is nearby!
Natasha, Servant of Life and Death comes into view.
The dart slug bites you but does no damage.
You hit the dart slug. The dart slug barely misses you.
You slash the dart slug!
You kill the dart slug!
No target in view!
Natasha hisses angrily.
You hear a shout!
Unknown command.
Natasha is nearby!
Natasha is nearby!
Sigmund the Dreaded comes into view.
He is wielding a +0 scythe.
Okay, then.
Natasha attacks as you move away! Natasha claws you but does no damage.
Natasha closely misses you.
It was a potion of flight.
You feel very buoyant.
You fly up into the air.
Natasha claws you. ๐Ÿ˜• HP[-2]
You take 2 damage, and now have 34/36 hp.
Unknown command.
It was a potion of heal wounds.
You feel much better.
Natasha mumbles some strange words. ๐Ÿ˜Ž HP[+2]
Your hp is fully restored (36).
It was a potion of attraction.
You feel attractive to monsters. Sigmund closely misses you.
Natasha casts a spell.
As you read the scroll labelled MOCKON TYLIZO, it crumbles to dust.
It is a scroll of identify.
You don't have any unidentified items.
Natasha claws you.
Sigmund hits you but does no damage. ๐Ÿ˜• HP[-5]
You take 5 damage, and now have 31/36 hp.
Unknown command.
Natasha stares at you and mumbles some strange words.
You feel yourself slow down. Natasha is attracted toward you.
Sigmund is attracted toward you.
You closely miss Natasha. Sigmund barely misses you.
Natasha closely misses you. Natasha claws you but does no damage.
Sigmund hits you from afar with a +0 scythe! ๐Ÿ˜ฎ HP[-7]
You take 7 damage, and now have 24/36 hp.
Unknown command.
You hit Natasha. Natasha claws you but does no damage.
Sigmund hits you but does no damage. Natasha claws you but does no damage.
You barely miss Natasha. Natasha claws you.
* * * LOW HITPOINT WARNING * * *
Sigmund hits you from afar with a +0 scythe!
* * * LOW HITPOINT WARNING * * *
Natasha closely misses you. ๐Ÿ˜ฑ HP[-16]
You take 16 damage, and now have 8/36 hp.
MASSIVE DAMAGE!! (PAUSE) Unknown command.
The shadow imp laughs crazily.
The shadow imp lashes its tail.
Sigmund is attracted toward you.
The shadow imp is attracted toward you. ๐Ÿ˜ฑ HP[+1] Natasha casts a spell.
Sigmund casts a spell.
Sigmund flickers and vanishes!
Deactivating autopickup; reactivate with Ctrl-A.
Something is attracted toward you. The shadow imp is attracted toward you.
The white imp is attracted toward you.
The crimson imp hits you but does no damage.
Natasha barely misses you. The shadow imp is attracted toward you.
The white imp is attracted toward you. Something hits you!
You die...

Skill      XL: |  1  2  3 |
---------------+----------+-----
Axes           | 3 |  3.0
Fighting       | 3 |  3.6
Armour         | 1 |  1.5
Throwing       | |  1.7
Dodging        | |  2.6

Action                   |  1- 3 |  4- 6 || total
-------------------------+-------+-------++-------
Melee: War axe           |    73 |    15 ||    88
       Punch             |     3 |       ||     3
  Use: Potion            |       |     3 ||     3
       Scroll            |       |     2 ||     2
 Stab: Sleeping          |     2 |       ||     2
Armor: Leather armour    |     4 |       ||     4
       Chain mail        |    24 |    17 ||    41
Dodge: Dodged            |    45 |    10 ||    55

Levels and vault maps discovered:
D:1:      minmay_arrival_radiant_lines, layout_basic
D:2:      layout_basic, hellmonk_ecumenical_altar_zigzags,
          serial_bayou_lagoon_a, uniq_sigmund, uniq_natasha

Notes
Turn   | Place    | Note
-------+----------+-------------------------------------------
     0 | D:1      | ytrimaz the Demonspawn Gladiator began the quest for the
                  | Orb.
     0 | D:1      | Reached XP level 1. HP: 16/16 MP: 1/1
     0 | D:1      | magus.rc [v1.9.6]
    95 | D:1      | You pick up a book of Necromancy and begin reading...
    95 | D:1      | You add the spells Necrotise, Vampiric Draining and Agony
                  | to your library.
   387 | D:1      | Gained mutation: You regenerate a little health from kills.
                  | [demonic ancestry]
   387 | D:1      | Reached XP level 2. HP: 18/23 MP: 2/2
   837 | D:1      | Reached skill level 3 in Axes
   968 | D:1      | Reached skill level 3 in Fighting
  1298 | D:2      | Gained mutation: You regenerate health from kills. [demonic
                  | ancestry]
  1298 | D:2      | Reached XP level 3. HP: 15/29 MP: 3/3
  1434 | D:2      | Noticed Natasha
  1438 | D:2      | Killed Natasha
  1439 | D:2      | Reached skill level 1 in Armour
  1507 | D:2      | You add the spells Gell's Gravitas, Teleport Other and
                  | Dispersal to your library.
  1515 | D:2      | Gained mutation: You regenerate magic rapidly. [demonic
                  | ancestry]
  1515 | D:2      | Reached XP level 4. HP: 31/35 MP: 4/4
  1659 | D:2      | Found a faded altar of an unknown god.
  1680 | D:2      | Noticed Natasha
  1687 | D:2      | Noticed Sigmund
  1697 | D:2      | HP: 8/36 [Sigmund/+0 scythe (10)]
  1701 | D:2      | Slain by Sigmund

Vanquished Creatures
  Natasha (D:2)
  An adder (D:2)
  A worm (D:2)
  3 dart slugs
  6 ball pythons
  2 bats (D:1)
  4 endoplasms
  A giant cockroach (D:1)
  3 goblins (D:1)
  5 hobgoblins
  A quokka (D:1)
  A frilled lizard (D:1)
  A kobold (D:1)
  3 rats
33 creatures vanquished.

Table legend:
 A = Non-vault XP
 B = Vault XP
 C = Vault XP percentage of total XP
 D = Non-vault monster count
 E = Vault monster count
 F = Vault count percentage of total count
                 A         B        C        D         E       F
            +---------+---------+-------+---------+---------+-------
      Total |      74 |      35 |  32.1 |      32 |       1 |   3.0
            +---------+---------+-------+---------+---------+-------
        D:1 |      35 |       0 |   0.0 |      19 |       0 |   0.0
        D:2 |      39 |      35 |  47.3 |      13 |       1 |   7.1
            +---------+---------+-------+---------+---------+-------

Illustrated notes

Table legend:
 A = Kills in this place as a percentage of kills in entire the game.
 B = Kills by you in this place as a percentage of kills by you in the entire game.
 C = Kills by friends in this place as a percentage of kills by friends in the entire game.
 D = Other kills in this place as a percentage of other kills in the entire game.
 E = Experience gained in this place as a percentage of experience gained in the entire game.
 F = Experience gained in this place divided by the number of levels of this place that you have seen.
                   A       B       C       D       E      F
               +-------+-------+-------+-------+-------+----------------------
         Total | 100.0 | 100.0 |   N/A |   N/A | 100.0 |  54.5
       Dungeon | 100.0 | 100.0 |   N/A |   N/A | 100.0 |  54.5
               +-------+-------+-------+-------+-------+----------------------

Table legend: (Time is in decaauts)
 A = Elapsed time spent in this place.
 B = Non-inter-level travel time spent in this place.
 C = Inter-level travel time spent in this place.
 D = Time resting spent in this place.
 E = Time spent auto-exploring this place.
 F = Levels seen in this place.
 G = Mean time per level.
                   A        B        C        D        E       F      G
               +--------+--------+--------+--------+--------+-----+--------+
         Total |   1734 |   1709 |     25 |      0 |   1436 |   2 |  867.0 |
       Dungeon |   1734 |   1709 |     25 |      0 |   1436 |   2 |  867.0 |
               +--------+--------+--------+--------+--------+-----+--------+

Top non-repeatable levels by time:
     D:1: 1224 daAuts
     D:2: 510 daAuts
